 Dungeon Crawl Stone Soup version 0.30-a0-737-gf23d94013f (webtiles) character file.

Game seed: 16557306304969539327

22 MachoJfn the Digger (level 2, 0/15 HPs)
             Began as a Gargoyle Earth Elementalist on Jan 26, 2023.
             Was a Follower of Wu Jian.
             Frozen to death by an endoplasm (3 damage)
             ... on level 1 of the Dungeon on Feb 2, 2023.
             The game lasted 00:04:59 (451 turns).

MachoJfn the Digger (Gargoyle Earth Elementalist)    Turns: 451, Time: 00:04:59

Health: 0/15       AC:  4    Str: 10    XL:     2   Next: 91%
Magic:  5/5        EV: 12    Int: 19    God:    Wu Jian [*.....]
Gold:   31         SH:  0    Dex:  9    Spells: 4/5 levels left

rFire   . . .      SeeInvis .    c - +0 club
rCold   . . .      Faith    .    (no shield)
rNeg    + . .      Spirit   .    a - +0 robe
rPois   ∞          Reflect  .    (helmet restricted)
rElec   +          Harm     .    (no cloak)
rCorr   .          Rampage  .    (no gloves)
Will    .....                    (no boots)
Stlth   ++                       (no amulet)
HPRegen 0.22/turn                (no ring)
MPRegen 0.09/turn                (no ring)

@: flying
A: sickness immunity, AC +2, negative energy resistance 1, electricity
resistance, torment resistance 1, petrification resistance, big wings, horns 1,
clever 1
a: Renounce Religion


You were on level 1 of the Dungeon.
You worshipped Wu Jian.
Wu Jian was aware of your devotion.
You visited 1 branch of the dungeon, and saw 1 of its levels.

You collected 31 gold pieces.

Inventory:

Hand Weapons
 c - a +0 club (weapon)
Armour
 a - a +0 robe (worn)
Potions
 b - a potion of magic
 d - a potion of heal wounds {unknown}
 e - a potion of curing {unknown}


   Skills:
 + Level 0.6 Maces & Flails
 + Level 1.8 Dodging
 + Level 2.6 Stealth
 + Level 0.7 Unarmed Combat
 + Level 2.2 Spellcasting
 + Level 0.7 Transmutations
 + Level 3.8 Earth Magic


You had 4 spell levels left.
You knew the following spells:

 Your Spells              Type           Power      Damage    Failure   Level
a - Sandblast             Erth           32%        2d9       3%          1

Your spell library contained the following spells:

 Spells                   Type           Power      Damage    Failure   Level
 Passwall                 Tmut/Erth      8%         N/A       10%         2
 Summon Small Mammal      Summ           8%         N/A       17%         1
 Stone Arrow              Conj/Erth      18%        3d8       22%         3
 Petrify                  Tmut/Erth      10%        N/A       54%         4


Dungeon Overview and Level Annotations

Branches:
Dungeon (1/15)

Altars:
Wu Jian


Innate Abilities, Weirdness & Mutations

You are immune to sickness and miasma.
Your stone body is resilient. (AC +2)
You are immune to poison.
You resist negative energy. (rN+)
You are resistant to electric shocks. (rElec)
You are resistant to unholy torment.
You are immune to petrification.
Your large and strong wings let you fly.
You have a pair of small horns on your head.
Your mind is acute. (Int +4, Str/Dex -1)


Message History

The quokka bites you but does no damage.
The quokka closely misses you.
You lunge at the dart slug.
You hit the dart slug.
You kill the dart slug!
The Council accepts your kill.
You spin and attack the quokka.
You hit the quokka but do no damage.
The quokka is lightly wounded.
The quokka bites you but does no damage.
You spin and attack the quokka.
You closely miss the quokka.
The quokka is lightly wounded.
The quokka closely misses you. The endoplasm misses you.
You see here a dart slug corpse.
You closely miss the quokka. Your punch misses the quokka.
The quokka is lightly wounded.
The quokka completely misses you. The endoplasm freezes you.
You are frozen.
The quokka bites you.
You hit the quokka. You headbutt the quokka.
You kill the quokka!
The Council accepts your kill. The endoplasm freezes you.
You are frozen.
* * * LOW HITPOINT WARNING * * *
The endoplasm attacks as you move away! The endoplasm closely misses you.
You see here a quokka corpse.
Casting: Sandblast (safe; 3% risk of failure)
Confirm with . or Enter, or press ? or * to list all spells.
Okay, then.
The endoplasm jiggles.
The endoplasm attacks as you move away!
The endoplasm hits you but does no damage.
The endoplasm attacks as you move away! The endoplasm hits you.
* * * LOW HITPOINT WARNING * * *
The endoplasm jiggles.
You hit the endoplasm.
The endoplasm is moderately wounded.
The endoplasm completely misses you. The endoplasm freezes you.
You are frozen.
You die...

########.# # ## ### .####
..# ....# #.#
.##.######## ###.#
(##......... ..#.#
.##.######## #.#@# .##.#
#.#J#
.##.##########.#.###
.##....))..........#
.##.#########......######
.##.# #...#........ ###.#
#.#....###### #.#
#>##.#.# #.# #.(..#.#


You could see an endoplasm.

Vanquished Creatures
  2 dart slugs (D:1)
  2 ball pythons (D:1)
  2 bats (D:1)
  2 endoplasms (D:1)
  A giant cockroach (D:1)
  2 goblins (D:1)
  A kobold (D:1)
  A quokka (D:1)
  2 rats (D:1)
15 creatures vanquished.

Notes
Turn   | Place    | Note
-------+----------+-------------------------------------------
     0 | D:1      | MachoJfn the Gargoyle Earth Elementalist began the quest
                  | for the Orb.
     0 | D:1      | Reached XP level 1. HP: 10/10 MP: 3/3
   175 | D:1      | Found a faded altar of an unknown god.
   224 | D:1      | Got Plato's Textbook on Command
   225 | D:1      | Prayed at the altar of an unknown god.
   225 | D:1      | Became a worshipper of the Wu Jian Council
   225 | D:1      | Reached * piety under Wu Jian
   271 | D:1      | Reached XP level 2. HP: 12/15 MP: 5/5
   287 | D:1      | Gained mutation: Your large and strong wings let you fly.
                  | [potion of mutation]
   287 | D:1      | Gained mutation: You have a pair of small horns on your
                  | head. [potion of mutation]
   287 | D:1      | Gained mutation: Your mind is acute. (Int +4, Str/Dex -1)
                  | [potion of mutation]
   324 | D:1      | Upgraded the game from 0.30-a0-719-gcc4359ea44 to
                  | 0.30-a0-737-gf23d94013f
   451 | D:1      | Frozen to death by an endoplasm

Illustrated notes

Levels and vault maps discovered:
D:1:      evilmike_arrival_home_sweet_home, layout_loops_ring,
          shapermc_ecumenical_altar_rom_forum

Action                     || total
---------------------------++-------
  Melee: Unarmed           ||    42
         Club              ||    50
         Punch             ||     2
         Headbutt          ||     4
   Cast: Sandblast         ||     1
Ability: Lunge             ||     4
         Whirlwind         ||     2
    Use: Scroll            ||     3
         Potion            ||     1
   Stab: Sleeping          ||     3
 Armour: Robe              ||    30
  Dodge: Dodged            ||    67

Table legend: (Time is in decaauts)
 A = Elapsed time spent in this place.
 B = Non-inter-level travel time spent in this place.
 C = Inter-level travel time spent in this place.
 D = Time resting spent in this place.
 E = Time spent auto-exploring this place.
 F = Levels seen in this place.
 G = Mean time per level.
                   A        B        C        D        E       F      G
               +--------+--------+--------+--------+--------+-----+--------+
         Total |    463 |    325 |    138 |     41 |     67 |   1 |  463.0 |
       Dungeon |    463 |    325 |    138 |     41 |     67 |   1 |  463.0 |
               +--------+--------+--------+--------+--------+-----+--------+

Top non-repeatable levels by time:
     D:1: 463 daAuts
